 Dungeon Crawl Stone Soup version 0.26.0-10-g1f06aea511 (webtiles) character file.

Game seed: 6436024052698784640

173 night the Chucker (level 5, -3/45 HPs)
             Began as a Ghoul Hunter on Jan 21, 2021.
             Slain by an ogre
             ... wielding a +0 giant club
              (26 damage)
             ... on level 3 of the Dungeon.
             The game lasted 00:06:12 (2536 turns).

night the Chucker (Ghoul Hunter)                    Turns: 2536, Time: 00:06:13

Health: -3/45      AC:  5    Str: 17    XL:     5   Next: 53%
Magic:  4/4        EV:  8    Int:  6    God:
Gold:   80         SH:  7    Dex:  9    Spells: 4/4 levels left

rFire    . . .     SeeInvis .     - Unarmed
rCold    + . .     Faith    .   k - +0 kite shield
rNeg     + + +     Spirit   .   f - +0 ring mail
rPois    ∞         Reflect  .   (no helmet)
rElec    .         Harm     .   (no cloak)
rCorr    .         Rampage  .   (no gloves)
Will     .....                  (no boots)
Stlth    +.........             (no amulet)
HPRegen  0.00/turn              (no ring)
MPRegen  0.09/turn              (no ring)

@: no status effects
A: claws 1, cold resistance 1, negative energy resistance 3, inhibited
regeneration, torment resistance, unbreathing
a: no special abilities


You were on level 3 of the Dungeon.
You visited 1 branch of the dungeon, and saw 3 of its levels.

You collected 80 gold pieces.

Inventory:

Missiles
 c - 5 javelins (quivered)
 d - 2 throwing nets
Armour
 b - a +0 leather armour
 f - a +0 ring mail (worn)
 k - a +0 kite shield (worn)
Scrolls
 a - 4 scrolls of identify {unknown}
 e - a scroll of enchant weapon {unknown}
 g - 2 scrolls of remove curse {unknown}
 l - a scroll of noise {unknown}
 n - a scroll of teleportation {unknown}
 o - a scroll of random uselessness {unknown}
Potions
 h - 2 potions of curing {unknown}
 i - a potion of might {unknown}
 j - a potion of brilliance {unknown}
 m - a potion of heal wounds {unknown}
 p - 2 potions of attraction {unknown}


   Skills:
 + Level 3.5 Fighting
 + Level 4.3 Throwing
 - Level 1.7 Dodging
 - Level 1.1 Stealth
 * Level 3.8 Unarmed Combat


You had 4 spell levels left.
You didn't know any spells.
Your spell library was empty.

Dungeon Overview and Level Annotations

Branches:
Dungeon (3/15)

Altars:
Xom


Innate Abilities, Weirdness & Mutations

You thrive by killing the living.
You are immune to poison.
You have sharp fingernails.
Your flesh is cold resistant. (rC+)
You are immune to negative energy. (rN+++)
You do not regenerate when monsters are visible.
You are immune to unholy pain and torment.
You can survive without breathing.


Message History

The adder bites you but does no damage.
You barely miss the adder.
The adder is almost dead.
You block the adder's attack. The adder bites you but does no damage.
You scratch the adder but do no damage.
The adder is almost dead.
You block the adder's attack.
You scratch the adder but do no damage.
The adder is almost dead.
The adder bites you.
You scratch the adder.
You kill the adder!
You scratch the ogre but do no damage.
The ogre is heavily wounded.
The ogre hits you with a +0 giant club!!
You claw the ogre!
The ogre is severely wounded.
The ogre hits you with a +0 giant club!!
Ouch! That really hurt!
You die...

#......#....#...
#..$...#........
#....[......#...
#......#........
#..)..##........
#..).).$....####
#.....#<..#.#
#.#####.........#.#
#....@O............
#.#####.............
#...........?#
#.............
#...$..##.....
#......# .#..
#........ .
#.####.... #.# ....


You could see an ogre.

Vanquished Creatures
  An orc wizard (D:3)
  A worker ant (D:1)
  2 adders (D:3)
  2 oozes
  2 worms (D:2)
  A dart slug (D:1)
  3 leopard geckos (D:1)
  7 orcs (D:3)
  2 ball pythons (D:1)
  6 bats
  A giant cockroach (D:1)
  8 goblins
  6 hobgoblins
  9 jackals
  5 kobolds
  3 quokkas (D:2)
  4 frilled lizards
  13 rats
76 creatures vanquished.

Notes
Turn   | Place    | Note
-------+----------+-------------------------------------------
     0 | D:1      | night the Ghoul Hunter began the quest for the Orb.
     0 | D:1      | Reached XP level 1. HP: 17/17 MP: 0/0
   318 | D:1      | Reached skill level 1 in Unarmed Combat
   318 | D:1      | Reached XP level 2. HP: 25/25 MP: 1/1
   869 | D:1      | Reached XP level 3. HP: 12/30 MP: 2/2
  1481 | D:1      | Reached skill level 4 in Throwing
  1481 | D:1      | Reached XP level 4. HP: 26/38 MP: 3/3
  1649 | D:2      | Found a shimmering altar of Xom.
  1651 | D:2      | Found a shimmering altar of Xom.
  1654 | D:2      | Found a shimmering altar of Xom.
  1658 | D:2      | Found a shimmering altar of Xom.
  1670 | D:2      | Found a shimmering altar of Xom.
  1877 | D:2      | Found a faded altar of an unknown god.
  2425 | D:3      | Reached XP level 5. HP: 45/45 MP: 4/4
  2508 | D:3      | Noticed an ogre
  2536 | D:3      | Slain by an ogre

Illustrated notes

Levels and vault maps discovered:
D:1:      mainiacjoe_arrival_reflecting_pool, layout_basic, st_stairs_9
D:2:      layout_basic, chequers_ecumenical_altar_simple_redux, xom_redecorated
D:3:      layout_rooms, grunt_gozag_statues, general_overflow_altar,
          roderic_lattice_a, okawaru_metal_pillars_1_2, uniq_robin

Skill      XL: |  1  2  3  4 |
---------------+-------------+-----
Unarmed Combat | 1 2 3 |  3.8
Fighting       | 3 |  3.5
Throwing       | 4 |  4.3
Dodging        | |  1.7
Stealth        | |  1.1

Action                   |  1- 3 |  4- 6 || total
-------------------------+-------+-------++-------
Melee: Unarmed           |   149 |   120 ||   269
       Punch             |     1 |       ||     1
Throw: Javelin           |    10 |     4 ||    14
Armor: Leather armour    |    33 |       ||    33
       Ring mail         |    30 |    47 ||    77
Dodge: Dodged            |    84 |    55 ||   139
Block: Kite shield       |       |    38 ||    38
